TOP OF THE 1ST |
San Diego Padres batting - Pitching for Atlanta Braves : RHP Alex Montes
|
Pitching: RHP Alex Montes
|
|
Batting: SHB Antoine Roux
|
0-0: Called Strike 0-1: Swinging Strike 0-2: Foul Ball, location: 2F 0-2: Strikes out swinging
|
Batting: SHB Phil Zacharia
|
0-0: Called Strike 0-1: SOLO HOME RUN (Line Drive, 7D, EV 97.5 MPH), Distance : 372 ft
|
Batting: LHB Mike Holt
|
0-0: Foul Ball, location: 2F 0-1: Ball 1-1: Ball 2-1: Ball 3-1: Foul Ball, location: 2F 3-2: Foul Ball, location: 2F 3-2: Strikes out swinging
|
Batting: RHB Dietmar Warmisch
|
0-0: Called Strike 0-1: Ball 1-1: Foul Ball, location: 2F 1-2: Ball 2-2: Fly out, F9 (Flyball, 89D, EV 91.9 MPH)
|
Top of the 1st over - 1 run, 1 hit, 0 errors, 0 left on base; San Diego 1 - Atlanta 0 |
BOTTOM OF THE 1ST |
Atlanta Braves batting - Pitching for San Diego Padres : RHP Troy Baker
|
Pitching: RHP Troy Baker
|
|
Batting: RHB Liangde Li
|
0-0: Ball 1-0: Called Strike 1-1: Called Strike 1-2: Ball 2-2: SINGLE (Flyball, 7LS, EV 88.1 MPH)
|
Batting: RHB Jeckel Hester
|
0-0: Ball 1-0: Ball Liangde Li is caught stealing 2nd base 2-4 2-0: Ball 3-0: Called Strike 3-1: Base on Balls
|
Batting: RHB Jordan Martin
|
0-0: Fly out, F8 (Flyball, 78XD, EV 103.8 MPH)
|
Batting: RHB Ike Trout
|
0-0: Ball 1-0: Foul Ball, location: 2F 1-1: Ball 2-1: Called Strike 2-2: Fly out, F7 (Line Drive, 7, EV 88.1 MPH)
|
Bottom of the 1st over - 0 runs, 1 hit, 0 errors, 1 left on base; San Diego 1 - Atlanta 0 |
TOP OF THE 2ND |
San Diego Padres batting - Pitching for Atlanta Braves : RHP Alex Montes
|
Batting: LHB Aaron LeBlanc
|
0-0: Called Strike 0-1: Ball 1-1: Ball 2-1: Ball 3-1: Base on Balls
|
Batting: RHB Chiel Palstermans
|
0-0: Foul Ball, location: 2F 0-1: Swinging Strike 0-2: Grounds into double play, 5-4-3 (Groundball, 56, EV 88.8 MPH)
|
Batting: RHB Jorge Severiano
|
0-0: Called Strike 0-1: Called Strike 0-2: Ball 1-2: Strikes out swinging
|
Top of the 2nd over - 0 runs, 0 hits, 0 errors, 0 left on base; San Diego 1 - Atlanta 0 |
BOTTOM OF THE 2ND |
Atlanta Braves batting - Pitching for San Diego Padres : RHP Troy Baker
|
Batting: LHB Colin Worthington
|
0-0: Ball 1-0: Foul Ball, location: 2F 1-1: Foul Ball, location: 2F 1-2: Foul Ball, location: 2F 1-2: Strikes out swinging
|
Batting: RHB Xavier Davis
|
0-0: Called Strike 0-1: Fly out, F8 (Flyball, 8RS, EV 90.6 MPH)
|
Batting: RHB Luis Torres
|
0-0: Ball 1-0: Called Strike 1-1: Foul Ball, location: 2F 1-2: Ball 2-2: Foul Ball, location: 2F 2-2: Foul Ball, location: 2F 2-2: Ground out 5-3 (Groundball, 5S, EV 70.0 MPH)
|
Bottom of the 2nd over - 0 runs, 0 hits, 0 errors, 0 left on base; San Diego 1 - Atlanta 0 |
TOP OF THE 3RD |
San Diego Padres batting - Pitching for Atlanta Braves : RHP Alex Montes
|
Batting: SHB Rich Chavez
|
0-0: Ball 1-0: Called Strike 1-1: Foul Ball, location: 2F 1-2: Ground out 5-3 (Groundball, 56, EV 76.9 MPH)
|
Batting: SHB Quido van Erp
|
0-0: Ball 1-0: Called Strike 1-1: Ground out U3 (Groundball, 3, EV 103.1 MPH)
|
Batting: SHB Antoine Roux
|
0-0: Fly out, F8 (Flyball, 78D, EV 83.8 MPH)
|
Top of the 3rd over - 0 runs, 0 hits, 0 errors, 0 left on base; San Diego 1 - Atlanta 0 |
BOTTOM OF THE 3RD |
Atlanta Braves batting - Pitching for San Diego Padres : RHP Troy Baker
|
Batting: LHB Matt Sigurdson
|
0-0: Ball 1-0: Foul Ball, location: 2F 1-1: Foul Ball, location: 2F 1-2: Strikes out swinging
|
Batting: LHB Per Meulengracht
|
0-0: Ball 1-0: Ground out 4-3 (Groundball, 4, EV 85.0 MPH)
|
Batting: RHB Liangde Li
|
0-0: Ball 1-0: Ball 2-0: Ball 3-0: Called Strike 3-1: Base on Balls
|
Batting: RHB Jeckel Hester
|
0-0: Ball Liangde Li steals 2nd base (no throw) 1-0: Ball 2-0: Ball 3-0: Base on Balls
|
Batting: RHB Jordan Martin
|
0-0: Ball 1-0: SINGLE (Groundball, 6, EV 95.0 MPH) Liangde Li to third Jeckel Hester to second Runner from 3rd tries for Home, SAFE, throw by CF to home
|
Batting: RHB Ike Trout
|
0-0: Ball 1-0: SINGLE (Line Drive, 3D, EV 96.2 MPH) Jeckel Hester to third Jordan Martin to second Runner from 3rd tries for Home, SAFE, throw by RF to home
|
Batting: LHB Colin Worthington
|
0-0: Ball 1-0: Called Strike 1-1: Swinging Strike 1-2: Ball 2-2: Ground out 5-3 (Groundball, 5L, EV 95.0 MPH)
|
Bottom of the 3rd over - 2 runs, 2 hits, 0 errors, 2 left on base; San Diego 1 - Atlanta 2 |
TOP OF THE 4TH |
San Diego Padres batting - Pitching for Atlanta Braves : RHP Alex Montes
|
Batting: SHB Phil Zacharia
|
0-0: Ball 1-0: Ball 2-0: Called Strike 2-1: Fly out, F7 (Flyball, 7, EV 79.4 MPH)
|
Batting: LHB Mike Holt
|
0-0: Ball 1-0: Ground out 6-3 (Groundball, 6MD, EV 86.9 MPH)
|
Batting: RHB Dietmar Warmisch
|
0-0: Ball 1-0: Called Strike 1-1: Ground out 4-3 (Groundball, 4, EV 81.2 MPH)
|
Top of the 4th over - 0 runs, 0 hits, 0 errors, 0 left on base; San Diego 1 - Atlanta 2 |
BOTTOM OF THE 4TH |
Atlanta Braves batting - Pitching for San Diego Padres : RHP Troy Baker
|
Batting: RHB Xavier Davis
|
0-0: Swinging Strike 0-1: Foul Ball, location: 2F 0-2: Ball 1-2: Ball 2-2: Ball 3-2: Foul Ball, location: 2F 3-2: Ground out 4-3 (Groundball, 4, EV 83.8 MPH)
|
Batting: RHB Luis Torres
|
0-0: Ball 1-0: Foul Ball, location: 2F 1-1: Swinging Strike 1-2: Ball 2-2: Ball 3-2: Foul Ball, location: 2F 3-2: Strikes out swinging, 2-3 out at first.
|
Batting: LHB Matt Sigurdson
|
0-0: Swinging Strike 0-1: Swinging Strike 0-2: Ball 1-2: Fly out, F4 (Line Drive, 34D, EV 88.1 MPH)
|
Bottom of the 4th over - 0 runs, 0 hits, 0 errors, 0 left on base; San Diego 1 - Atlanta 2 |
TOP OF THE 5TH |
San Diego Padres batting - Pitching for Atlanta Braves : RHP Alex Montes
|
Batting: LHB Aaron LeBlanc
|
0-0: Ball 1-0: Ball 2-0: Foul Ball, location: 2F 2-1: Foul Ball, location: 2F 2-2: Ball 3-2: Strikes out swinging
|
Batting: RHB Chiel Palstermans
|
0-0: Ball 1-0: Called Strike 1-1: Swinging Strike 1-2: Ground out 5-3 (Groundball, 56S, EV 86.9 MPH)
|
Batting: RHB Jorge Severiano
|
0-0: Called Strike 0-1: Ball 1-1: Ball 2-1: Ball 3-1: DOUBLE (Flyball, 78XD, EV 106.2 MPH)
|
Pinch Runner at 2nd Luis Villanueva:
|
|
Batting: SHB Rich Chavez
|
0-0: Ball 1-0: Ball 2-0: Called Strike 2-1: Ball 3-1: Base on Balls
|
Batting: SHB Quido van Erp
|
0-0: Called Strike 0-1: Ball 1-1: Fly out, F9 (Flyball, 89S, EV 96.9 MPH)
|
Top of the 5th over - 0 runs, 1 hit, 0 errors, 2 left on base; San Diego 1 - Atlanta 2 |
BOTTOM OF THE 5TH |
Atlanta Braves batting - Pitching for San Diego Padres : RHP Troy Baker
|
Now at C: Luis Villanueva
|
|
Batting: LHB Per Meulengracht
|
0-0: Ball 1-0: Foul Ball, location: 2F 1-1: Called Strike 1-2: SINGLE (Groundball, 4D, EV 100.0 MPH)
|
Batting: RHB Liangde Li
|
0-0: Ball 1-0: SINGLE (Groundball, 34S, EV 65.6 MPH) (infield hit) Per Meulengracht to second
|
Batting: RHB Jeckel Hester
|
0-0: Ball 1-0: Grounds into double play, 5-4-3 (Groundball, 56, EV 91.2 MPH) Per Meulengracht to third
|
Batting: RHB Jordan Martin
|
0-0: Fly out, F8 (Flyball, 8RD, EV 96.2 MPH)
|
Bottom of the 5th over - 0 runs, 2 hits, 0 errors, 1 left on base; San Diego 1 - Atlanta 2 |
TOP OF THE 6TH |
San Diego Padres batting - Pitching for Atlanta Braves : RHP Alex Montes
|
Batting: SHB Antoine Roux
|
0-0: Called Strike 0-1: Foul Ball, location: 2F 0-2: Ground out 3-1 (Groundball, 34, EV 103.1 MPH)
|
Batting: SHB Phil Zacharia
|
0-0: Called Strike 0-1: Foul Ball, location: 2F 0-2: Ground out 6-3 (Groundball, 6M, EV 81.9 MPH)
|
Batting: LHB Mike Holt
|
0-0: Swinging Strike 0-1: Swinging Strike 0-2: Ball 1-2: DOUBLE (Line Drive, 8RXD, EV 102.5 MPH)
|
Batting: RHB Dietmar Warmisch
|
0-0: Ball 1-0: Ball 2-0: Fly out, F8 (Flyball, 8LD, EV 91.9 MPH)
|
Top of the 6th over - 0 runs, 1 hit, 0 errors, 1 left on base; San Diego 1 - Atlanta 2 |
BOTTOM OF THE 6TH |
Atlanta Braves batting - Pitching for San Diego Padres : RHP Troy Baker
|
Batting: RHB Ike Trout
|
0-0: Ball 1-0: Called Strike 1-1: Foul Ball, location: 2F 1-2: Foul Ball, location: 2F 1-2: Ball 2-2: Foul Ball, location: 2F 2-2: Ball 3-2: Strikes out swinging
|
Batting: LHB Colin Worthington
|
0-0: Ball 1-0: SINGLE (Groundball, 4MD, EV 107.5 MPH)
|
Batting: RHB Xavier Davis
|
0-0: Ball 1-0: Foul Ball, location: 2F 1-1: Ground out 5-3 (Groundball, 56S, EV 68.1 MPH) Colin Worthington to second
|
Batting: RHB Luis Torres
|
0-0: Ball 1-0: Ball 2-0: Foul Ball, location: 2F 2-1: SINGLE (Groundball, 6MD, EV 105.0 MPH) Colin Worthington to third
|
Batting: LHB Matt Sigurdson
|
0-0: Swinging Strike 0-1: Ball 1-1: Foul Ball, location: 2F 1-2: Strikes out swinging
|
Bottom of the 6th over - 0 runs, 2 hits, 0 errors, 2 left on base; San Diego 1 - Atlanta 2 |
TOP OF THE 7TH |
San Diego Padres batting - Pitching for Atlanta Braves : RHP Alex Montes
|
Batting: LHB Aaron LeBlanc
|
0-0: Called Strike 0-1: Swinging Strike 0-2: Foul Ball, location: 2F 0-2: Ball 1-2: Strikes out swinging
|
Batting: RHB Chiel Palstermans
|
0-0: Ball 1-0: Called Strike 1-1: Foul Ball, location: 2F 1-2: Ball 2-2: Ball 3-2: Base on Balls
|
Batting: RHB Luis Villanueva
|
0-0: Ball 1-0: Ball 2-0: Foul Ball, location: 2F 2-1: Swinging Strike 2-2: Foul Ball, location: 2F 2-2: Foul Ball, location: 2F 2-2: Strikes out swinging
|
Pitching: RHP Andy Kiefer
|
|
Batting: SHB Rich Chavez
|
0-0: Ball Chiel Palstermans steals 2nd base 1-0: Ball 2-0: Ball 3-0: Base on Balls
|
Batting: SHB Quido van Erp
|
0-0: Ball 1-0: Called Strike 1-1: Ground out 4-3 (Groundball, 34D, EV 106.9 MPH)
|
Top of the 7th over - 0 runs, 0 hits, 0 errors, 2 left on base; San Diego 1 - Atlanta 2 |
BOTTOM OF THE 7TH |
Atlanta Braves batting - Pitching for San Diego Padres : RHP Troy Baker
|
Pitching: LHP Yuri Thra
|
|
Batting: LHB Per Meulengracht
|
0-0: Called Strike 0-1: Ball 1-1: Ball 2-1: Ball 3-1: Ground out 4-3 (Groundball, 34D, EV 100.0 MPH)
|
Batting: RHB Liangde Li
|
0-0: Ball 1-0: Ball 2-0: Called Strike 2-1: Foul Ball, location: 2F 2-2: Ball 3-2: Strikes out looking
|
Batting: RHB Jeckel Hester
|
0-0: Ball 1-0: Ground out 6-3 (Groundball, 6, EV 86.2 MPH)
|
Bottom of the 7th over - 0 runs, 0 hits, 0 errors, 0 left on base; San Diego 1 - Atlanta 2 |
TOP OF THE 8TH |
San Diego Padres batting - Pitching for Atlanta Braves : RHP Andy Kiefer
|
Batting: SHB Antoine Roux
|
0-0: Ball 1-0: Ground out U3 (Groundball, 3L, EV 91.2 MPH)
|
Batting: SHB Phil Zacharia
|
0-0: Foul Ball, location: 2F 0-1: SINGLE (Line Drive, 7S, EV 91.2 MPH)
|
Batting: LHB Mike Holt
|
0-0: Ball 1-0: Foul Ball, location: 2F 1-1: Fielders Choice at 2nd, 4-6 (Groundball, 4, EV 91.2 MPH)
|
Batting: RHB Dietmar Warmisch
|
0-0: Called Strike 0-1: Swinging Strike 0-2: Ball 1-2: Ball 2-2: Ball 3-2: SINGLE (Groundball, 6MD, EV 105.0 MPH) Mike Holt to second Mike Holt to third
|
Batting: LHB Aaron LeBlanc
|
0-0: Ball 1-0: Called Strike 1-1: Foul Ball, location: 2F 1-2: Strikes out swinging
|
Top of the 8th over - 0 runs, 2 hits, 0 errors, 2 left on base; San Diego 1 - Atlanta 2 |
BOTTOM OF THE 8TH |
Atlanta Braves batting - Pitching for San Diego Padres : LHP Yuri Thra
|
Batting: RHB Jordan Martin
|
0-0: Ball 1-0: Called Strike 1-1: Ball 2-1: Ball 3-1: Foul Ball, location: 2F 3-2: Strikes out swinging, 2-3 out at first.
|
Batting: RHB Ike Trout
|
0-0: Foul Ball, location: 2F 0-1: Ball 1-1: Ball 2-1: Ground out 1-3 (Groundball, 15S, EV 70.0 MPH)
|
Batting: LHB Colin Worthington
|
0-0: Ball 1-0: Foul Ball, location: 2F 1-1: Called Strike 1-2: Fly out, F7 (Flyball, 7LMF, EV 92.5 MPH)
|
Bottom of the 8th over - 0 runs, 0 hits, 0 errors, 0 left on base; San Diego 1 - Atlanta 2 |
TOP OF THE 9TH |
San Diego Padres batting - Pitching for Atlanta Braves : RHP Andy Kiefer
|
Pitching: RHP Victor Munoz
|
|
Now at C: Tade Post
|
|
Batting: RHB Chiel Palstermans
|
0-0: Called Strike 0-1: Foul Ball, location: 2F 0-2: Ball 1-2: Strikes out looking
|
Pinch Hitting: LHB Ryan Flynn Jr.
|
0-0: Called Strike 0-1: Ball 1-1: SINGLE (Line Drive, 9LS, EV 91.2 MPH)
|
Batting: SHB Rich Chavez
|
0-0: Ball 1-0: Grounds into double play, 4-6-3 (Groundball, 34, EV 78.1 MPH)
|
Top of the 9th over - 0 runs, 1 hit, 0 errors, 0 left on base; San Diego 1 - Atlanta 2 |
|